 Dungeon Crawl Stone Soup version 0.23-a0-489-g205b0b61ae (webtiles) character file.

35 LLavrengius the Insei (level 3, 0/24 HPs)
             Began as an Octopode Transmuter on Dec 2, 2018.
             Slain by a worm (11 damage)
             ... on level 2 of the Dungeon.
             The game lasted 00:03:27 (1350 turns).

LLavrengius the Insei (Octopode Transmuter)         Turns: 1350, Time: 00:03:28

Health: 0/24       AC:  1    Str:  9    XL:     3   Next: 33%
Magic:  6/6        EV: 13    Int: 16    God:
Gold:   18         SH:  0    Dex: 12    Spells: 0/6 levels left

rFire    . . .     SeeInvis .     - Unarmed
rCold    . . .     Gourm    .   (no shield)
rNeg     . . .     Faith    .   (helmet restricted)
rPois    .         Spirit   .   (no amulet)
rElec    .         Reflect  .   (no ring)
rCorr    .         Harm     .   (no ring)
MR       .....                  (no ring)
Stlth    ++........             (no ring)
HPRegen  0.08/turn              (no ring)
MPRegen  0.10/turn              (no ring)
                                (no ring)
                                (no ring)

@: appendage (expiring)
A: almost no armour, stealthy swim, amphibious, 8 rings, constrict 8, tentacle
spike 3, camouflage 1, gelatinous body 1
a: End Transformation


You were on level 2 of the Dungeon.
You were not hungry.
One of your tentacles had a temporary spike.
You visited 1 branch of the dungeon, and saw 2 of its levels.

You collected 18 gold pieces.

Inventory:

Hand Weapons
 j - a +0 hunting sling
Missiles
 a - 12 arrows
 f - 8 sling bullets
 k - 14 poisoned needles
 m - 12 stones (quivered)
Scrolls
 b - a scroll of identify {unknown}
Potions
 d - a potion of magic {unknown}
 e - a potion of lignification {unknown}
 g - 2 potions of berserk rage {unknown}
 h - a potion of brilliance {unknown}
 l - a potion of mutation {unknown}
 n - a potion of curing {unknown}
Comestibles
 c - 7 rations
 i - 5 chunks of flesh


   Skills:
 + Level 1.9 Fighting
 - Level 2.0 Dodging
 + Level 3.4 Unarmed Combat
 - Level 2.0 Spellcasting
 + Level 2.6 Transmutations
 + Level 0.4 Poison Magic


You couldn't memorise any spells.
You knew the following spells:

 Your Spells              Type           Power        Failure   Level  Hunger
a - Beastly Appendage     Tmut           ##....       7%          1    #......
b - Sticks to Snakes      Tmut           ##......     11%         2    ###....
c - Spider Form           Tmut/Pois      #.........   32%         3    ###....

Your spell library contained the following spells:

 Spells                   Type           Power        Failure   Level  Hunger
 Ice Form                 Ice/Tmut       #.......     77%         4    #####..
 Blade Hands              Tmut           ##........   89%         5    ######.


Dungeon Overview and Level Annotations

Branches:
Dungeon (2/15)

Altars:


Innate Abilities, Weirdness & Mutations

You cannot wear most types of armour.
You are very stealthy in the water. (Stealth+)
You are amphibious.
You can wear up to eight rings at the same time.
You can use your tentacles to constrict eight enemies at once.
Your skin changes colour to match your surroundings (Stealth+).
Your rubbery body absorbs attacks. (AC +1, EV +1)
One of your tentacles bears a large vicious spike.


Message History

You constrict the worm. The worm bites you!
You tentacle-slap the worm but do no damage.
You pierce the worm.
You squeeze the worm, but do no damage.
The worm is moderately wounded.
Your transformation is almost over.
You constrict the worm.
You tentacle-slap the worm but do no damage.
The worm is moderately wounded.
You constrict the worm. The worm closely misses you.
You completely miss the worm.
The worm is moderately wounded.
You constrict the worm.
You tentacle-slap the worm but do no damage.
You squeeze the worm.
The worm is heavily wounded.
You constrict the worm. The worm bites you.
You tentacle-slap the worm but do no damage.
The worm is heavily wounded.
You constrict the worm. The worm bites you!
You die...

....>...#
####..#.##
#.....# #.#...#
#.#...# ###+###
#.#...# #.....#
#.#...## #.w...#
#.#....#
#..@..###.#..#.#
#.....'....#.#.#
#.....######...#
####### #...#
#.รท.# #.#.#
#.#.# #.#.#
#.#.#


You could see a worm.

Vanquished Creatures
  A worm (D:2)
  2 leopard geckos (D:1)
  2 ball pythons (D:1)
  A bat (D:1)
  A giant cockroach (D:1)
  5 hobgoblins
  7 goblins
  5 kobolds (D:1)
  A rat (D:1)
25 creatures vanquished.

Notes
Turn   | Place    | Note
-------+----------+-------------------------------------------
     0 | D:1      | LLavrengius the Octopode Transmuter began the quest for the
                  | Orb.
     0 | D:1      | Reached XP level 1. HP: 13/13 MP: 3/3
   348 | D:1      | Reached XP level 2. HP: 18/18 MP: 5/5
   864 | D:1      | Reached XP level 3. HP: 24/24 MP: 6/6
   868 | D:1      | Learned a level 2 spell: Sticks to Snakes
   872 | D:1      | Learned a level 3 spell: Spider Form
  1350 | D:2      | Slain by a worm

Vault maps used:
D:1:      scummos_arrival_checkerplants

Action                   || total
-------------------------++-------
Melee: Unarmed           ||    65
       Constrict         ||    21
       Tentacles         ||     8
       Kick              ||     5
       Punch             ||     1
 Cast: Beastly Appendage ||     4
 Stab: Sleeping          ||     6
  Eat: Chunk             ||     1
Armor: Skin              ||     3
Dodge: Dodged            ||    33

Table legend:
 A = Non-vault XP
 B = Vault XP
 C = Vault XP percentage of total XP
 D = Non-vault monster count
 E = Vault monster count
 F = Vault count percentage of total count
                 A         B        C        D         E       F
            +---------+---------+-------+---------+---------+-------
      Total |      50 |       0 |   0.0 |      25 |       0 |   0.0
            +---------+---------+-------+---------+---------+-------
        D:1 |      40 |       0 |   0.0 |      22 |       0 |   0.0
        D:2 |      10 |       0 |   0.0 |       3 |       0 |   0.0
            +---------+---------+-------+---------+---------+-------
